 Dungeon Crawl Stone Soup version 0.17.0 (webtiles) character file.

3844 Leibowitz the Slicer (level 10, -4/61 HPs)
             Began as a Kobold Gladiator on Nov 6, 2015.
             Was a Follower of Okawaru.
             Slain by an orc warrior
             ... wielding a +0 broad axe
              (6 damage)
             ... while paralysed
             ... in a bailey.
             The game lasted 00:37:49 (10063 turns).

Leibowitz the Slicer (Kobold Gladiator)            Turns: 10063, Time: 00:37:49

Health: -4/61      AC: 11    Str: 14    XL:     10   Next: 41%
Magic:  11/11      EV:  3    Int:  6    God:    Okawaru [*.....]
Gold:   772        SH:  0    Dex: 20    Spells: 2 memorised, 8 levels left

rFire  . . .     SeeInvis .     a - +0 dagger (venom)
rCold  . . .     Clarity  .     i - +0 robe {MR+}
rNeg   . . .     SustAt   .     (shield restricted)
rPois  .         Gourm    .     c - +0 helmet
rElec  .         Spirit   .     k - +2 cloak {MR+}
rCorr  .         Warding  .     A - +1 pair of gloves
rMut   .         Stasis   .     o - +1 pair of boots
MR     ++...                    t - amulet of rage
Stlth  ++++++....               B - ring of flight
                                e - ring of stealth

@: paralysed, exhausted, flying (expiring), slowed, very resistant to hostile
enchantments, very stealthy
A: carnivore 3
a: Heroism, Renounce Religion, Evoke Berserk Rage, Stop Flying


You were in a bailey.
You worshipped Okawaru.
Okawaru was aware of your devotion.
You were very full.

You visited 2 branches of the dungeon, and saw 9 of its levels.
You also visited: Ossuary and Bailey.

You collected 772 gold pieces.

Inventory:

Hand Weapons
 a - a +0 dagger of venom (weapon)
 u - a +2 dagger of draining
 w - a +1 rapier
Missiles
 d - 6 throwing nets (quivered)
 r - 45 poisoned needles
 y - 5 needles of slowing
Armour
 c - a +0 helmet (worn)
 i - a +0 robe of magic resistance (worn)
 k - a +2 cloak of magic resistance (worn)
 l - a +2 ring mail of positive energy
 o - a +1 pair of boots (worn)
 A - a +1 pair of gloves (worn)
Jewellery
 e - a ring of stealth (left hand)
 n - an uncursed amulet of guardian spirit
 t - an amulet of rage (around neck)
 z - an uncursed amulet of resist corrosion
 B - a ring of flight (right hand)
Scrolls
 b - 3 scrolls of identify
 j - 4 scrolls of teleportation
 m - a scroll of magic mapping
 p - a scroll of fear
 q - a scroll of blinking
 s - 6 scrolls of remove curse
Potions
 h - 5 potions of curing
 v - a potion of haste
 x - a potion of berserk rage
Comestibles
 f - 6 meat rations
 g - 2 beef jerkies


   Skills:
 * Level 6.3 Fighting
 + Level 9.8 Short Blades
 + Level 3.7 Throwing
 + Level 4.1 Armour
 + Level 9.2 Dodging
 + Level 8.8 Stealth
 - Level 1.0 Spellcasting
 - Level 1.0 Poison Magic
 + Level 0.2 Evocations


You had 8 spell levels left.
You knew the following spells:

 Your Spells              Type           Power        Failure   Level  Hunger
a - Sting                 Conj/Pois      #...         38%         1    ##.....
b - Cure Poison           Pois           #.........   52%         2    ###....


Dungeon Overview and Level Annotations

Branches:
Dungeon (8/15)             Temple (1/1) D:6
   Lair: D:8-11

Altars:
Ashenzari
Cheibriados
Dithmenos
Elyvilon
Fedhas
Gozag
Kikubaaqudgha
Makhleb
Nemelex Xobeh
Okawaru
Qazlal
Ru
Trog
Vehumet
Xom
Yredelemnul
Zin
The Shining One

Shops:
D:7 *


Innate Abilities, Weirdness & Mutations

You are small and have problems with some larger weapons.
You are carnivorous and can eat meat at any time.


Message History

The orc warrior is moderately wounded.
The orc warrior completely misses you.
You hit the orc warrior but do no damage.
The orc warrior is heavily wounded.
You hit the orc warrior.
The orc warrior is severely wounded.
The orc warrior closely misses you.
A kobold comes into view.
You barely miss the orc warrior.
The orc warrior is severely wounded.
You are no longer berserk.
You pass out from exhaustion.
You feel yourself slow down.
You are starting to lose your buoyancy.
The kobold shouts!
The orc warrior hits you with a war axe!!
The orc warrior hits you with a war axe!!
* * * LOW HITPOINT WARNING * * *
The orc warrior hits you with a broad axe.
You die...

#(###≈.≈###'#
#....≈.≈((..#
#'###≈.≈###(#
#....≈.≈...^#
#'###≈.≈###'#
#....≈.≈....#
#'###≈.≈###'#
#....≈.≈....#
######@######


#ooo# #goo# #ogg# ##'## .g. K8. ... You could see 4 orc warriors, a gnoll, 2
orcs, a hobgoblin, 2 goblins and a kobold.

Vanquished Creatures
  An orc knight (Bailey)
  The ghost of DgreyI the Ruffian, an amateur DrTm of Qazlal (Ossuary)
  A water moccasin (D:7)
  Duvessa (D:5)
  A sky beast (D:3)
  2 wasps (D:7)
  3 phantoms (D:6)
  4 orc warriors
  A centaur (D:5)
  4 ogres
  A giant frog (D:7)
  3 scorpions
  A water moccasin skeleton (D:6)
  Dowan (D:5)
  4 crimson imps
  A jelly (D:7)
  A quasit (D:6)
  2 hounds
  6 orc priests
  A gnoll shaman (D:7)
  10 orc wizards
  2 giant frog skeletons
  2 iguanas
  3 worker ants (D:7)
  4 big kobold zombies (Ossuary)
  A killer bee zombie (D:6)
  A hound zombie (D:7)
  5 mummies (Ossuary)
  A hound skeleton (D:5)
  A worker ant zombie (D:5)
  Robin (D:2)
  4 adders
  20 gnolls
  An adder zombie (D:6)
  24 orcs
  2 ball pythons
  A giant cockroach (D:3)
  10 hobgoblins
  10 jackals
  25 kobolds
  2 quokkas (D:2)
  3 bats
  5 giant geckos
  7 giant newts
  18 goblins
  6 hobgoblin zombies (Ossuary)
  A jackal skeleton (D:5)
  A quokka zombie (D:6)
  12 rats
223 creatures vanquished.

Notes
Turn   | Place    | Note
--------------------------------------------------------------
     0 | D:1      | Leibowitz the Kobold Gladiator began the quest for the Orb.
     0 | D:1      | Reached XP level 1. HP: 12/12 MP: 1/1
   471 | D:1      | Reached XP level 2. HP: 18/18 MP: 2/2
  1117 | D:1      | Reached XP level 3. HP: 22/22 MP: 3/3
  1322 | D:2      | Found a bloodstained altar of Trog.
  1422 | D:2      | Found a burning altar of Makhleb.
  1426 | D:2      | Reached skill level 1 in Armour
  1426 | D:2      | Reached XP level 4. HP: 25/27 MP: 4/4
  1516 | D:2      | Found a radiant altar of Vehumet.
  1590 | D:2      | Noticed Robin
  1602 | D:2      | Killed Robin
  1617 | D:2      | Reached XP level 5. HP: 18/32 MP: 5/5
  2648 | D:2      | Reached skill level 5 in Short Blades
  2771 | D:3      | Reached XP level 6. HP: 15/37 MP: 6/6
  3107 | D:3      | Reached skill level 5 in Dodging
  3637 | D:3      | Noticed a sky beast
  3656 | D:3      | Killed a sky beast
  3656 | D:3      | Reached XP level 7. HP: 36/41 MP: 5/7
  3987 | D:4      | Found a white marble altar of Elyvilon.
  4186 | D:4      | Found a sand-covered staircase.
  4218 | Ossuary  | Entered an ossuary
  4218 | Ossuary  | Noticed DgreyI's ghost (amateur DrTm)
  4227 | Ossuary  | Reached skill level 5 in Stealth
  4242 | Ossuary  | Killed DgreyI's ghost
  4242 | Ossuary  | Reached skill level 6 in Short Blades
  4877 | D:4      | Reached XP level 8. HP: 47/47 MP: 8/8
  5309 | D:4      | Found a glowing golden altar of the Shining One.
  5395 | D:5      | Entered Level 5 of the Dungeon
  5417 | D:5      | Noticed Dowan
  5422 | D:5      | Noticed Duvessa
  5434 | D:5      | Killed Dowan
  5448 | D:5      | Killed Duvessa
  5791 | D:5      | Reached skill level 7 in Short Blades
  6396 | D:6      | Reached XP level 9. HP: 40/52 MP: 9/9
  6689 | D:7      | Reached skill level 8 in Short Blades
  7078 | D:6      | Found a shadowy altar of Dithmenos.
  7484 | D:6      | Reached skill level 5 in Fighting
  7762 | D:6      | Found a staircase to the Ecumenical Temple.
  7771 | Temple   | Entered the Ecumenical Temple
  7931 | Temple   | Became a worshipper of Warmaster Okawaru
  8738 | D:7      | Reached * piety under Okawaru
  8738 | D:7      | Reached skill level 9 in Short Blades
  8819 | D:7      | Reached XP level 10. HP: 31/60 MP: 10/10
  9054 | D:7      | Learned a level 1 spell: Sting
  9057 | D:7      | Learned a level 2 spell: Cure Poison
  9101 | D:7      | Found Basitin's General Store.
  9627 | D:8      | Reached skill level 1 in Spellcasting
  9842 | D:8      | Found a flagged portal.
  9902 | Bailey   | Entered a bailey
  9998 | Bailey   | Reached skill level 1 in Poison Magic
 10023 | Bailey   | Noticed an orc knight
 10041 | Bailey   | Killed an orc knight
 10063 | Bailey   | HP: 2/61 [orc warrior/war axe (26)]
 10063 | Bailey   | Slain by an orc warrior

Action                   |  1- 3 |  4- 6 |  7- 9 | 10-12 || total
-------------------------+-------+-------+-------+-------++-------
Melee: Rapier            |    74 |   250 |   647 |       ||   971
       Dagger            |       |       |    39 |   228 ||   267
Throw: Throwing net      |     3 |     7 |    26 |       ||    36
 Cast: Sting             |       |       |       |     1 ||     1
 Abil: Evoke Berserk Rag |       |       |     1 |     1 ||     2
       Evoke Flight      |       |       |       |     3 ||     3
  Use: Potion            |       |     5 |     2 |     1 ||     8
       Scroll            |       |       |    11 |       ||    11
 Stab: Held in net/web   |     2 |     2 |    14 |       ||    18
       Sleeping          |     4 |     7 |    16 |     1 ||    28
       Distracted        |       |     1 |     1 |       ||     2
  Eat: Chunk             |    10 |     6 |    19 |     4 ||    39
